 Dungeon Crawl Stone Soup version 0.17-a0-1719-g1afd5a1 (webtiles) character file.

676 KambridgeKobold the Covert (level 7, 0/35 HPs)
             Began as a Spriggan Assassin on Aug 27, 2015.
             Was an Initiate of Dithmenos.
             Slain by Cenon's ghost (2 damage)
             ... on level 5 of the Dungeon.
             The game lasted 00:29:40 (5497 turns).

KambridgeKobold the Covert (Spriggan Assassin)      Turns: 5497, Time: 00:29:40

Health: 0/35       AC:  3    Str:  8    XL:     7   Next: 33%
Magic:  0/9        EV: 17    Int: 13    God:    Dithmenos [......]
Gold:   218        SH:  0    Dex: 18    Spells: 2 memorised, 4 levels left

rFire  . . .     SeeInvis +     a - +4 short sword (drain)
rCold  . . .     Clarity  .     c - +0 robe
rNeg   . . .     SustAt   .     (shield restricted)
rPois  .         Gourm    .     (helmet restricted)
rElec  .         Spirit   +     d - +0 cloak
rCorr  .         Warding  .     (gloves unavailable)
rMut   .         Stasis   .     (boots unavailable)
MR     ++...                    y - amulet of guardian spirit
Stlth  +++++.....               M - ring of wizardry
                                o - ring of protection from magic

@: about to teleport, very quick, very resistant to hostile enchantments, quite
stealthy
A: unfitting armour, see invisible, herbivore 3, speed 3, slow metabolism 2
a: Renounce Religion


You were on level 5 of the Dungeon.
You worshipped Dithmenos.
Dithmenos was noncommittal.
You were not hungry.

You visited 1 branch of the dungeon, and saw 5 of its levels.

You collected 218 gold pieces.

Inventory:

Hand weapons
 a - a +4 short sword of draining (weapon)
 b - a +0 blowgun
 h - a +2 dagger
 C - a +1 dagger of electrocution
 H - a +0 hunting sling
Missiles
 e - 18 poisoned needles
 f - 2 curare-tipped needles
 D - 5 steel tomahawks (quivered)
 I - 144 stones
Armour
 c - a +0 robe (worn)
 d - a +0 cloak (worn)
Jewellery
 l - an uncursed ring of ice
 o - a ring of protection from magic (left hand)
 w - an uncursed ring of protection from fire
 y - an amulet of guardian spirit (around neck)
 K - an uncursed ring of protection from fire
 M - a ring of wizardry (right hand)
Magical devices
 z - a wand of random effects (37)
 R - a wand of disintegration (4)
 T - a wand of teleportation (0)
Scrolls
 j - 3 scrolls of magic mapping {unknown}
 k - a scroll of noise {unknown}
 m - 3 scrolls of teleportation
 p - 3 scrolls of blinking {unknown}
 q - 5 scrolls of remove curse
 t - 4 scrolls of identify
 u - 4 scrolls of random uselessness
 B - a scroll of enchant armour {unknown}
 N - a scroll of immolation {unknown}
 O - a scroll of amnesia {unknown}
 P - a scroll of acquirement {unknown}
Potions
 i - 2 potions of cancellation {unknown}
 n - a potion of heal wounds {unknown}
 r - 2 potions of haste {unknown}
 s - 2 potions of degeneration {unknown}
 v - a potion of flight {unknown}
 A - 3 potions of brilliance
 F - a potion of poison {unknown}
 G - 2 potions of magic {unknown}
 Q - a potion of might {unknown}
 S - a potion of resistance {unknown}
Books
 J - a book of Maledictions

   Spells                             Type                      Level
   a - Corona                         Hexes                        1
   b - Ensorcelled Hibernation        Hexes/Ice                    2
   c - Confuse                        Hexes                        3
   d - Tukima's Dance                 Hexes                        3
   e - Dazzling Spray                 Conjuration/Hexes            3
Miscellaneous
 L - a plain deck of defence {drawn: 1}
Comestibles
 g - 4 bread rations
 x - 6 fruits


   Skills:
 - Level 2.1 Fighting
 + Level 5.6 Short Blades
 + Level 4.9 Throwing
 - Level 1.5 Dodging
 - Level 9.0 Stealth
 + Level 0.8 Spellcasting
 - Level 1.3 Evocations


You had 4 spell levels left.
You knew the following spells:

 Your Spells              Type           Power        Failure   Level  Hunger
a - Corona                Hex            #......      12%         1    ##.....
b - Ensorcelled Hibernat  Hex/Ice        #.....       21%         2    ###....


Dungeon Overview and Level Annotations

Branches:
Dungeon (5/15)             Temple (0/1) D:5

Altars:
Cheibriados
Dithmenos
Elyvilon
Kikubaaqudgha
Makhleb
Qazlal
Ru
Vehumet
Yredelemnul
Zin
The Shining One

Annotations:
D:5 Cenon's ghost, experienced HEWr


Innate Abilities, Weirdness & Mutations

You are tiny and cannot use many weapons and most armour.
You have supernaturally acute eyesight.
You are a herbivore.
You cover ground extremely quickly.
You need consume almost no food.


Message History

Identify which item? (\ to view known items) (? for menu, Esc to quit)
A - 3 potions of brilliance Cenon's ghost closely misses you.
Read which item? (? for menu, Esc to quit)
As you read the scroll labeled NEONOQIXITI, it crumbles to dust.
The dust glows dark leaf green!
It was a scroll of random uselessness.
Cenon's ghost hits you!
* * * LOW HITPOINT WARNING * * *
Read which item? (? for menu, Esc to quit)
As you read the scroll labeled VUDUTTYLLI, it crumbles to dust.
You feel strangely unstable.
It was a scroll of teleportation.
Cenon's ghost hits you.
* * * LOW HITPOINT WARNING * * *
Drink which item? (? for menu, Esc to quit)
You feel better. Cenon's ghost hits you!
* * * LOW HITPOINT WARNING * * *
Cenon's ghost hits you.
* * * LOW HITPOINT WARNING * * *
Cenon's ghost hits you.
You die...

#.#.......# #...
#.#.......# #...
##.######### #...
##...## #...
##.#.#.## #...
##.##.##.## #...
#..##.###.## #.##
#..##W##...# #.#
#.###@##...# #.#
#.######...########.#
##..###.............#
#...#....###########
#.......## ##.....##
#######


You could see Cenon's ghost.

Vanquished Creatures
  An ogre (D:4)
  A water moccasin skeleton (D:4)
  A scorpion (D:4)
  A giant frog zombie (D:5)
  A hound (D:3)
  An orc priest (D:4)
  An iguana (D:4)
  2 worker ants (D:4)
  Robin (D:4)
  4 gnolls (D:5)
  14 adders
  2 oozes
  An adder skeleton (D:4)
  3 worms
  5 giant geckos
  18 orcs
  7 ball pythons
  24 goblins
  10 hobgoblins
  9 jackals
  11 kobolds
  2 quokkas
  8 bats
  7 giant cockroaches
  A giant gecko skeleton (D:4)
  5 giant newts
  7 rats
148 creatures vanquished.

Notes
Turn   | Place    | Note
--------------------------------------------------------------
     0 | D:1      | KambridgeKobold the Spriggan Assassin began the quest for the Orb.
     0 | D:1      | Reached XP level 1. HP: 10/10 MP: 2/2
   164 | D:1      | Reached skill level 6 in Stealth
   232 | D:1      | Reached XP level 2. HP: 13/15 MP: 3/3
   875 | D:2      | Reached XP level 3. HP: 18/18 MP: 4/4
  1240 | D:2      | Reached XP level 4. HP: 23/23 MP: 5/5
  1368 | D:2      | Found a glowing silver altar of Zin.
  1368 | D:2      | Found a radiant altar of Vehumet.
  1467 | D:2      | Reached skill level 7 in Stealth
  1593 | D:3      | Found a glowing golden altar of the Shining One.
  1810 | D:3      | Reached XP level 5. HP: 26/26 MP: 6/6
  1838 | D:3      | Found a basalt altar of Yredelemnul.
  2682 | D:4      | Found a stormy altar of Qazlal.
  3018 | D:4      | Found a sacrificial altar of Ru.
  3197 | D:4      | Noticed an ogre
  3352 | D:4      | Reached XP level 6. HP: 27/30 MP: 5/7
  3398 | D:4      | Reached skill level 8 in Stealth
  3678 | D:4      | Reached skill level 5 in Short Blades
  3888 | D:4      | Found a snail-covered altar of Cheibriados.
  3962 | D:4      | Killed an ogre
  4028 | D:4      | Reached XP level 7. HP: 23/35 MP: 6/8
  4396 | D:4      | Noticed Robin
  4471 | D:4      | Killed Robin
  4615 | D:5      | Entered Level 5 of the Dungeon
  4622 | D:5      | Reached skill level 9 in Stealth
  4639 | D:5      | Learned a level 1 spell: Corona
  4640 | D:5      | Found a shadowy altar of Dithmenos.
  4643 | D:5      | Became a worshipper of Dithmenos the Shadowed
  4712 | D:5      | Noticed Cenon's ghost (experienced HEWr)
  4758 | D:5      | Found a white marble altar of Elyvilon.
  4758 | D:5      | Found a burning altar of Makhleb.
  4759 | D:5      | Found an ancient bone altar of Kikubaaqudgha.
  5094 | D:5      | Reached skill level 1 in Evocations
  5104 | D:5      | Learned a level 2 spell: Ensorcelled Hibernation
  5304 | D:5      | Found a staircase to the Ecumenical Temple.
  5494 | D:5      | HP: 1/35 [Cenon's ghost (4)]
  5497 | D:5      | Slain by Cenon's ghost

Vault maps used:
D:1:      sevenhm_arrival_forest_fort_large_2
D:2:      gammafunk_temple_overflow_elements
D:3:      lemuel_crystal_altar, overflow_temple_1_default
D:4:      kennysheep_goblin_castle, grunt_qazlal_clouds, lemuel_doored_altar,
          cheibriados_altar_1, first_bread, amalloy_card_club
D:5:      grunt_dithmenos_smoke_and_mirrors,
          gammafunk_temple_overflow_forgotten, temple_statues,
          minmay_misc_feat_pillars, mumra_transporter_accident

Action                   |  1- 3 |  4- 6 |  7- 9 || total
-------------------------+-------+-------+-------++-------
Melee: Short sword       |    48 |   132 |    75 ||   255
 Fire: Blowgun           |     3 |    44 |    15 ||    62
Throw: Tomahawk          |       |       |     3 ||     3
 Cast: Corona            |       |       |     2 ||     2
Evoke: Wand              |       |       |     3 ||     3
       Deck              |       |       |     1 ||     1
  Use: Scroll            |       |     1 |     3 ||     4
       Potion            |       |       |     1 ||     1
 Stab: Sleeping          |    13 |    31 |     5 ||    49
       Distracted        |     2 |     1 |     1 ||     4
  Eat: Pizza             |       |       |     1 ||     1
